Map: Cyber Forest LE

Players

uThermal

  • Race: Terran Terran
  • Spawn Location: 11:00

Bunny - Winner!

  • Race: Terran Terran
  • Spawn Location: 5:00

Event: IEM Season 13: Katowice (2019)

VOD

https://youtu.be/aO-zQy55inY?t=1389

Description

Time

  • Played on: March 1, 2019, 12:29 p.m.
  • Length: 20:33

All games in this series

Show
View Real Time Build Order
Export as new Build Order

uThermal Terran 

Build Orders:  

Get SALT Encoding   

  12  0:01  SCV  
  13  0:13  SCV  
  14  0:17  Supply Depot  
  14  0:25  SCV  
  14  0:28  Refinery  
  15  0:38  SCV  
  16  0:45  Barracks  
  16  0:50  SCV  
  16  0:55  Refinery  
  17  1:02  SCV  
  18  1:14  SCV  
  19  1:32  Reaper, Orbital Command  
  20  1:36  Factory  
  20  1:44  Supply Depot  
  20  1:57  SCV  
  21  2:04  Reaper  
  22  2:09  SCV  
  23  2:20  Hellion  
  25  2:28  Command Center  
  25  2:33  SCV  
  25  2:36  Barracks Reactor  
  26  2:41  Hellion  
  28  2:45  SCV  
  28  2:48  Starport  
  29  2:57  SCV  
  30  3:01  Supply Depot  
  30  3:03  Factory Tech Lab  
  30  3:10  SCV  
  31  3:23  Siege Tank, SCV, Marine x2  
  31  3:25  Medivac  
  39  3:39  SCV  
  39  3:40  Orbital Command, Marine x2  
  42  3:47  Refinery  
  42  3:51  SCV  
  43  3:58  Marine x2  
  45  4:03  SCV  
  45  4:05  Raven, Factory Tech Lab  
  45  4:06  SCV  
  49  4:11  Supply Depot  
  49  4:16  SCV, Marine x2  
  52  4:18  SCV  
  53  4:28  SCV  
  54  4:32  SCV  
  54  4:34  Marine  
  54  4:37  Siege Tank  
  59  4:40  SCV  
  59  4:44  SCV, Supply Depot  
  61  4:48  Marine  
  61  4:52  SCV, Marine  
  61  4:57  SCV  
  55  5:01  Raven  
  55  5:04  Supply Depot  
  55  5:05  SCV  
  55  5:06  Marine  
  59  5:09  SCV, Marine  
  59  5:13  Command Center, Siege Tank  
  64  5:17  SCV  
  65  5:22  SCV  
  65  5:24  Marine  
  65  5:26  Refinery  
  65  5:27  Marine  
  65  5:28  Supply Depot  
  68  5:30  SCV  
  68  5:34  SCV  
  70  5:36  Supply Depot  
  70  5:42  SCV  
  71  5:47  Siege Tank, SCV  
  74  5:52  Viking x2  
  74  5:54  SCV  
  74  5:55  Marine  
  74  5:56  Stimpack  
  80  6:04  Engineering Bay x2  
  80  6:07  SCV x2  
  80  6:21  Viking  
  80  6:22  Viking  
  80  6:24  SCV  
  85  6:26  SCV  
  85  6:30  SCV  
  85  6:32  Terran Infantry Armor Level 1, Terran Infantry Weapons Level 1  
  84  6:36  SCV  
  85  6:42  Siege Tank  
  88  6:47  Barracks  
  88  6:51  Barracks, Orbital Command, Viking  
  90  6:54  Viking  
  90  7:00  SCV  
  93  7:04  Marine  
  93  7:06  Supply Depot  
  94  7:14  Siege Tank  
  94  7:15  Sensor Tower  
  97  7:18  Supply Depot  
  97  7:21  Marine  
  98  7:27  Viking  
  98  7:28  Viking  
  102  7:36  Barracks x2  
  102  7:37  Barracks Reactor x2  
  102  7:39  Marine  
  102  7:47  Siege Tank  
  103  7:55  Missile Turret  
  103  7:57  Marine  
  104  7:58  Missile Turret x2  
  104  8:00  Medivac  
  104  8:01  Missile Turret  
  104  8:02  Combat Shield  
  106  8:14  Marine x3  
  106  8:15  Marine  
  106  8:17  Supply Depot, Marine  
  106  8:19  Supply Depot  
  111  8:20  Armory  
  111  8:27  Marine  
  111  8:30  Barracks Reactor  
  111  8:31  Orbital Command  
  111  8:32  Marine x3  
  115  8:38  Marine x2  
  115  8:39  Siege Tank  
  120  8:42  Sensor Tower, Supply Depot  
  121  8:49  Marine  
  121  8:50  Marine x2  
  121  8:51  SCV x2  
  121  8:54  Barracks Reactor  
  121  8:55  Marine x2, Supply Depot  
  125  8:57  SCV  
  125  9:02  Medivac x2  
  132  9:03  SCV  
  132  9:04  SCV  
  132  9:06  Marine x2  
  132  9:07  Marine  
  137  9:13  Refinery x2, SCV  
  137  9:15  SCV, Marine  
  140  9:19  SCV  
  140  9:22  Siege Tank  
  144  9:26  Marine  
  144  9:30  Marine  
  146  9:35  Marine  
  146  9:36  Supply Depot  
  149  9:42  Terran Infantry Weapons Level 2  
  149  9:43  Marine x2  
  149  9:49  Supply Depot  
  149  9:52  Supply Depot  
  149  9:57  Medivac x2, Marine x3  
  155  10:01  Marine  
  155  10:04  Terran Infantry Armor Level 2  
  156  10:11  Siege Tank, Marine x2  
  162  10:20  Terran Vehicle Weapons Level 1, Marine  
  163  10:24  Factory  
  163  10:27  Marine, Supply Depot  
  163  10:28  Marine  
  164  10:29  Marine  
  164  10:31  Marine  
  164  10:34  Medivac  
  168  10:36  Marine  
  168  10:37  Marine  
  168  10:38  Marine  
  168  10:39  Marine  
  169  10:43  Siege Tank  
  169  10:45  Supply Depot  
  169  10:48  Marine  
  173  10:50  Missile Turret, Medivac  
  173  10:52  Marine x2  
  173  10:53  Marine  
  173  10:56  Marine x2  
  172  11:10  SCV, Marine x2  
  164  11:15  Siege Tank  
  160  11:23  Medivac  
  160  11:24  Marine x2  
  139  11:25  Marine  
  139  11:26  Marine  
  139  11:27  Factory Tech Lab  
  139  11:28  Marine  
  139  11:31  Medivac  
  139  11:32  Marine  
  143  11:33  Marine x2  
  145  11:40  Missile Turret  
  145  11:41  Missile Turret, Marine x2  
  145  11:43  Marine  
  145  11:44  Marine  
  145  11:46  Siege Tank, Marine  
  153  11:50  Marine  
  153  11:51  Marine x2  
  155  11:59  Marine x2  
  157  12:01  Marine  
  157  12:02  Marine  
  157  12:04  Factory Tech Lab, Marine  
  157  12:07  Marine  
  161  12:09  Marine  
  161  12:12  Medivac x2  
  167  12:17  Terran Vehicle Weapons Level 2, Marine x2  
  167  12:19  Marine  
  167  12:20  Marine  
  167  12:21  Marine  
  175  12:30  Terran Infantry Weapons Level 3  
  176  12:37  Terran Infantry Armor Level 3  
  176  12:43  Siege Tank  
  181  12:50  Siege Tank  
  181  12:51  Command Center  
  177  12:53  Marine x2  
  177  12:57  Marine  
  178  12:59  Marine  
  178  13:04  Marine x2  
  180  13:10  Marine x2  
  180  13:11  Marine  
  181  13:17  Marine  
  182  13:22  Marine x2  
  182  13:24  Supply Depot  
  182  13:25  Siege Tank  
  184  13:28  Marine x3  
  187  13:34  Marine  
  187  13:36  Siege Tank  
  189  13:46  Medivac, Marine x3  
  194  13:51  Marine  
  194  13:52  Marine  
  196  14:00  Marine  
  194  14:08  Siege Tank  
  194  14:09  Marine x3  
  200  14:47  Sensor Tower  
  198  14:52  Planetary Fortress  
  198  14:54  SCV, Marine  
  200  15:10  Command Center  
  200  15:13  Siege Tank, Marine  
  171  15:14  Marine  
  171  15:16  Marine x3  
  171  15:17  Marine  
  171  15:18  Siege Tank  
  179  15:21  Medivac  
  179  15:26  Medivac  
  180  15:31  Marine  
  180  15:32  Marine  
  180  15:34  Marine x3  
  173  15:35  Marine  
  172  15:45  Siege Tank  
  172  15:49  Marine  
  153  15:50  Siege Tank, Marine  
  153  15:51  Medivac  
  153  15:52  Marine x3  
  153  15:53  Marine  
  153  15:56  Medivac  
  146  16:06  Terran Vehicle Weapons Level 3, Marine  
  146  16:07  Marine  
  146  16:09  Marine x2  
  146  16:10  Marine  
  146  16:11  Marine  
  149  16:21  Medivac  
  149  16:24  Marine  
  149  16:25  Siege Tank, Marine  
  153  16:26  Siege Tank  
  153  16:27  Marine x3  
  153  16:29  Marine  
  161  16:42  Marine  
  161  16:43  Planetary Fortress, Marine  
  161  16:45  Marine x2  
  161  16:46  Marine  
  164  16:48  Marine  
  161  16:57  Siege Tank  
  161  16:58  Siege Tank  
  161  17:00  Marine  
  161  17:01  Marine  
  168  17:03  Marine  
  168  17:06  Marine  
  171  17:11  Command Center  
  171  17:12  Marine  
  171  17:13  Orbital Command, Marine  
  159  17:16  Medivac  
  159  17:18  Marine  
  159  17:19  Marine  
  159  17:20  Medivac  
  161  17:24  Marine  
  161  17:25  Marine  
  161  17:29  Siege Tank  
  159  17:30  Marine  
  159  17:32  Siege Tank, Marine  
  159  17:36  Marine  
  161  17:38  Marine  
  161  17:42  Marine  
  164  17:49  Marine  
  134  18:04  Siege Tank  
  125  18:06  Barracks x2  
  125  18:07  Barracks x2  
  125  18:09  Barracks  
  125  18:10  Barracks x2  
  116  18:25  Missile Turret  
  116  18:36  Siege Tank  
  119  18:42  Barracks, Supply Depot x2  
  119  18:45  Supply Depot  
  113  18:50  SCV x3  
  113  18:52  Engineering Bay, Marine  
  113  18:53  Marine x2  
  113  18:54  Marine  
  113  18:55  Marine, Supply Depot  
  121  18:56  Orbital Command  
  121  18:57  Marine x2  
  123  19:12  Supply Depot  
  123  19:16  Marine x5  
  126  19:34  Marine x2  
  126  19:35  Marine  
  126  19:36  Factory, Refinery x2  
  126  19:37  Factory  
  129  19:41  Barracks x2  
  129  19:42  Barracks, Supply Depot  
  119  20:06  Supply Depot  
  116  20:07  Supply Depot  
Show
View Real Time Build Order
Export as new Build Order

Bunny Terran - Winner!

Build Orders: Gas First Reaper Expand 

Get SALT Encoding   

  12  0:00  SCV  
  13  0:12  SCV  
  14  0:17  Supply Depot  
  14  0:24  SCV  
  14  0:27  Refinery  
  15  0:38  SCV  
  16  0:44  Barracks  
  16  0:50  SCV  
  17  1:03  SCV  
  18  1:15  SCV  
  19  1:30  Orbital Command  
  19  1:31  Reaper  
  20  1:44  Command Center  
  20  1:56  Factory  
  20  1:58  SCV  
  21  2:05  Barracks Reactor  
  21  2:09  Supply Depot  
  21  2:12  SCV  
  22  2:16  Refinery  
  22  2:24  SCV  
  23  2:36  SCV  
  24  2:42  Starport  
  24  2:43  Marine x2  
  26  2:47  Factory Tech Lab  
  26  2:48  SCV  
  27  2:56  Orbital Command  
  27  3:00  SCV, Marine  
  27  3:01  Marine  
  30  3:08  Cyclone  
  33  3:13  SCV  
  34  3:20  Marine x2  
  34  3:22  SCV  
  34  3:25  SCV  
  38  3:29  Viking  
  40  3:34  SCV  
  40  3:37  SCV  
  40  3:39  Supply Depot  
  42  3:44  Barracks  
  42  3:47  Stimpack  
  42  3:49  SCV x2  
  42  3:54  Supply Depot  
  44  3:56  Factory Reactor  
  44  4:00  Barracks  
  44  4:03  Starport Reactor  
  44  4:04  SCV  
  44  4:06  SCV  
  44  4:08  Marine  
  47  4:14  Refinery  
  47  4:18  Bunker  
  47  4:19  SCV x2  
  47  4:26  Marine  
  47  4:37  Marine x2  
  49  4:42  SCV x2  
  49  4:43  Factory Tech Lab  
  51  4:50  Marine x2  
  45  4:55  Marine x2  
  45  4:57  SCV  
  45  4:58  SCV  
  41  5:03  Siege Tank  
  41  5:04  Medivac x2  
  48  5:08  Marine  
  48  5:11  SCV  
  48  5:13  Marine x2  
  52  5:14  SCV  
  52  5:18  Marine  
  52  5:19  Marine  
  55  5:24  SCV  
  55  5:26  SCV  
  57  5:28  Engineering Bay  
  57  5:31  Marine  
  59  5:38  Siege Tank  
  62  5:48  SCV, Supply Depot  
  62  5:51  Combat Shield  
  62  6:00  Command Center  
  62  6:01  Terran Infantry Weapons Level 1  
  62  6:09  SCV x2, Supply Depot  
  64  6:11  Marine x3  
  64  6:15  Marine x2  
  69  6:22  Siege Tank  
  70  6:30  SCV  
  70  6:31  SCV  
  70  6:32  Marine x3  
  69  6:33  Marine  
  71  6:41  Medivac  
  71  6:44  Medivac  
  71  6:45  SCV x2  
  71  6:46  Supply Depot  
  77  6:52  Refinery  
  77  6:54  Marine, Supply Depot  
  78  7:07  Marine x4  
  78  7:08  SCV x2  
  84  7:10  Supply Depot  
  84  7:14  Orbital Command  
  84  7:20  SCV x2  
  86  7:25  Siege Tank  
  86  7:26  Marine  
  86  7:27  Marine  
  91  7:32  SCV x2  
  91  7:33  Marine  
  91  7:35  Orbital Command  
  94  7:38  Medivac  
  96  7:44  SCV x2  
  96  7:50  Marine  
  96  7:51  Marine x4  
  102  7:56  Terran Infantry Armor Level 1, SCV x2  
  104  8:00  Siege Tank, Supply Depot  
  107  8:07  SCV  
  107  8:08  SCV, Marine x4  
  107  8:09  SCV  
  107  8:12  Medivac  
  116  8:19  SCV  
  117  8:20  Medivac, Supply Depot x2  
  119  8:27  Barracks, Marine  
  119  8:28  Marine  
  119  8:29  Barracks  
  119  8:32  Siege Tank  
  124  8:34  Marine x2  
  124  8:35  Marine  
  124  8:36  SCV  
  124  8:37  SCV  
  124  8:39  SCV  
  130  8:46  Supply Depot  
  130  8:49  Medivac  
  130  8:50  Medivac, Marine  
  130  8:51  Marine  
  130  8:52  Marine x2  
  138  9:00  Sensor Tower  
  138  9:03  SCV x3  
  138  9:07  Siege Tank  
  144  9:10  Engineering Bay  
  144  9:14  Supply Depot  
  144  9:15  Armory  
  144  9:17  Barracks Reactor  
  144  9:18  Barracks Reactor  
  144  9:20  Supply Depot  
  144  9:24  Marine  
  144  9:25  Marine x4  
  149  9:33  SCV x3  
  152  9:39  Siege Tank  
  152  9:42  Marine  
  152  9:43  Marine  
  157  9:48  Supply Depot  
  157  9:49  Refinery x2, Marine  
  157  9:50  Marine x2  
  160  9:56  Marine x4  
  164  10:00  Marine x2  
  166  10:07  Marine x3  
  166  10:11  Terran Infantry Weapons Level 2, Terran Infantry Armor Level 2  
  169  10:14  Marine x4  
  169  10:16  Medivac  
  169  10:17  Supply Depot  
  169  10:20  Medivac  
  175  10:35  Command Center  
  175  10:36  Marine  
  175  10:37  Marine x2  
  175  10:42  Siege Tank  
  174  10:43  Marine  
  174  10:44  Marine  
  174  10:46  Medivac  
  178  10:50  Medivac  
  178  10:54  Supply Depot  
  180  10:58  Marine x7  
  164  11:15  Siege Tank  
  154  11:19  Medivac  
  154  11:20  Medivac, Marine x9  
  129  11:33  Terran Vehicle Weapons Level 1  
  129  11:37  Barracks x3  
  129  11:38  Marine x7  
  136  11:48  Siege Tank  
  136  11:49  Viking  
  136  11:50  Viking  
  136  11:52  Marine  
  136  11:53  Marine  
  145  11:55  Marine  
  145  11:56  Marine x3  
  145  12:00  Marine  
  145  12:01  Marine  
  151  12:03  Planetary Fortress  
  151  12:10  Sensor Tower  
  151  12:12  Marine x3  
  151  12:13  Marine  
  151  12:14  Marine  
  156  12:20  Siege Tank  
  159  12:26  Viking x2  
  163  12:31  Marine  
  163  12:32  Marine x3  
  163  12:33  Barracks Reactor  
  163  12:35  Barracks Reactor  
  167  12:41  Barracks Reactor  
  167  12:43  Marine  
  167  12:44  Marine x4  
  168  12:49  Terran Infantry Weapons Level 3  
  172  12:58  Terran Infantry Armor Level 3  
  168  13:00  Marine x4  
  172  13:08  Siege Tank  
  170  13:18  Marine  
  170  13:19  Marine x11  
  171  13:31  Medivac x2  
  171  13:32  Marine x3  
  177  13:36  Marine x3  
  180  13:52  Siege Tank  
  183  14:00  Marine x8  
  188  14:09  Marine x7  
  185  14:17  Marine  
  185  14:18  Marine x7  
  185  14:24  Siege Tank, Viking  
  198  14:27  Marine x2  
  200  14:43  Command Center  
  200  15:14  Viking x2  
  181  15:15  Marine  
  181  15:23  Marine  
  181  15:24  Marine x2  
  181  15:25  Marine x6  
  181  15:26  Siege Tank, Marine x5  
  167  15:32  Marine  
  138  15:54  Marine x6  
  138  15:55  Marine x3  
  135  15:57  Marine  
  135  16:03  Marine  
  137  16:15  Siege Tank  
  139  16:19  Marine x4  
  139  16:24  Marine  
  140  16:33  Marine x6  
  140  16:36  Orbital Command  
  146  16:45  Viking  
  146  16:46  Viking  
  142  16:52  Siege Tank  
  142  16:54  Marine x5  
  146  16:56  Marine x2  
  152  17:04  Marine  
  152  17:05  Marine x5  
  158  17:15  Marine x8  
  144  17:28  Marine  
  144  17:29  Marine  
  140  17:30  Marine x5  
  140  17:34  Marine x2  
  147  17:46  Marine x3  
  148  17:55  Marine x4  
  148  17:57  Marine x5  
  142  18:02  Marine  
  142  18:04  Marine  
  133  18:07  Marine  
  133  18:11  Marine  
  135  18:18  Siege Tank  
  138  18:33  Marine x8  
  146  18:49  Marine  
  146  18:50  Marine x6  
  146  18:54  SCV  
  146  18:55  SCV  
  155  19:00  Medivac  
  157  19:05  Medivac  
  157  19:06  Marine  
  160  19:12  Siege Tank  
  163  19:22  Marine x5  
  162  19:39  Marine x6  
  162  19:40  Marine  
  169  19:47  Siege Tank  
  171  20:05  Marine x6  
  171  20:06  Marine  

Tags
 
Add a new tag
Caveats
  • Supply blocks, unpowered buildings, or Contaminate may cause inaccurate times.
  • Supply counts are checked every 10 seconds.